 Dungeon Crawl Stone Soup version 0.27-b1-41-gafb5482f4b (webtiles) character file.

Game seed: 12299993405799324758

47 Urokeeper the Sneak (level 3, -2/27 HPs)
             Began as a Vampire Brigand on July 28, 2021.
             Was an Initiate of Dithmenos.
             Succumbed to a kobold's poison
             ... on level 3 of the Dungeon.
             The game lasted 00:05:29 (1512 turns).

Urokeeper the Sneak (Vampire Brigand)               Turns: 1512, Time: 00:05:30

Health: -2/27      AC:  3    Str: 10    XL:     3   Next: 48%
Magic:  3/3        EV: 12    Int: 13    God:    Dithmenos [......]
Gold:   58         SH:  0    Dex: 16    Spells: 2/2 levels left

rFire    . . .     SeeInvis +   j - +0 dagger (speed)
rCold    . . .     Faith    .   (no shield)
rNeg     . . .     Spirit   .   b - +0 robe
rPois    .         Reflect  .   (no helmet)
rElec    .         Harm     .   c - +0 cloak
rCorr    .         Rampage  .   (no gloves)
Will     .....                  (no boots)
Stlth    ++++......             (no amulet)
HPRegen  0.29/turn              (no ring)
MPRegen  0.08/turn              (no ring)

@: lethally poisoned (-2 -> -22), healing quickly
A: alive, fangs 3, see invisible, vampiric 2
a: Exsanguinate, Renounce Religion


You were on level 3 of the Dungeon.
You worshipped Dithmenos.
Dithmenos was noncommittal.
You visited 1 branch of the dungeon, and saw 3 of its levels.

You collected 58 gold pieces.

Inventory:

Hand Weapons
 a - a +2 dagger
 j - a +0 dagger of speed (weapon)
 n - a +0 longbow
Missiles
 d - 5 poisoned darts (quivered)
Armour
 b - a +0 robe (worn)
 c - a +0 cloak (worn)
Jewellery
 g - a +6 ring of strength
Wands
 k - a wand of flame (16)
Scrolls
 f - a scroll of vulnerability {unknown}
 m - a scroll of noise {unknown}
 o - a scroll of enchant armour {unknown}
Potions
 h - a potion of curing {unknown}
 i - 2 potions of might {unknown}
 l - a potion of haste {unknown}


   Skills:
 + Level 2.1 Fighting
 + Level 2.5 Short Blades
 + Level 1.7 Throwing
 + Level 1.6 Dodging
 + Level 7.0 Stealth


You had 2 spell levels left.
You didn't know any spells.
Your spell library contained the following spells:

 Spells                   Type           Power      Damage    Failure   Level
 Gell's Gravitas          Tloc           0%         N/A       67%         3
 Lesser Beckoning         Tloc           0%         N/A       67%         3
 Teleport Other           Tloc           0%         N/A       67%         3


Dungeon Overview and Level Annotations

Branches:
Dungeon (3/15)

Altars:
Dithmenos


Innate Abilities, Weirdness & Mutations

Your natural rate of healing is accelerated.
You have razor-sharp teeth.
You have supernaturally acute eyesight. (SInv)
You are afflicted with vampirism and can become a bat while bloodless.


Message History

Throw: 6 darts (poison)
Press: ? - help, Q - select action, (/) - cycle Shift-Dir - straight line, f/p - scorpion zombie
Aim: a scorpion zombie (moderately damaged, 79% to hit)
You throw a poisoned dart.
The poisoned dart hits the scorpion zombie.
The scorpion zombie is moderately damaged.
The scorpion zombie hits you.
You barely miss the scorpion zombie. You bite the scorpion zombie.
The scorpion zombie is moderately damaged.
The scorpion zombie hits you!
You barely miss the scorpion zombie.
The scorpion zombie is moderately damaged.
You hit the scorpion zombie but do no damage.
The scorpion zombie is moderately damaged.
The scorpion zombie hits you!
* * * LOW HITPOINT WARNING * * *
You hit the scorpion zombie but do no damage.
The scorpion zombie is moderately damaged.
You hit the scorpion zombie.
The scorpion zombie is moderately damaged.
The scorpion zombie completely misses you.
The scorpion zombie closely misses you.
A goblin comes into view. It is wielding a +0 dagger.
The goblin shouts!
A kobold comes into view.
It is wielding a +0 short sword and quivering poisoned darts.
You barely miss the scorpion zombie.
The scorpion zombie is moderately damaged.
The kobold shouts!
You hit the scorpion zombie but do no damage.
You bite the scorpion zombie, but do no damage.
The scorpion zombie is moderately damaged.
The kobold throws a poisoned dart.
The poisoned dart hits you!
You are lethally poisoned!
The scorpion zombie closely misses you.
* * * LOW HITPOINT WARNING * * *
You feel very sick.
The kobold throws a poisoned dart.
The poisoned dart hits you!
You are more poisoned.
Found a stone staircase leading down.
You die...

...........#
........##.# #. ..
........##.# . ...
........##.####.## #..
#.###............. ...
..###.#.##.#####.##.#.#
...##.#.##.# <.Kg..
##.##.#.##.#####..#
#.##.#.#.....Z.@.#
#.####.#.######..# #.#
#.#(# #..# ##.# #.#.#
§.... ...# #...( §.#...
...# ###.#§ #.#.....
##.# #.#PP #.##>##.
##.# #.# .§ #.# .# ....
..§ §§


You could see a scorpion zombie, a goblin and a kobold.

Vanquished Creatures
  2 adders (D:2)
  A worm (D:2)
  3 endoplasms
  2 giant cockroaches (D:2)
  3 goblins (D:1)
  3 jackals (D:1)
  2 kobolds
  2 quokkas
  2 ball pythons (D:1)
  A bat (D:2)
  2 frilled lizards (D:1)
  2 rats
25 creatures vanquished.

Notes
Turn   | Place    | Note
-------+----------+-------------------------------------------
     0 | D:1      | Urokeeper the Vampire Brigand began the quest for the Orb.
     0 | D:1      | Reached XP level 1. HP: 16/16 MP: 1/1
   212 | D:1      | Reached skill level 6 in Stealth
   221 | D:1      | Reached XP level 2. HP: 22/22 MP: 2/2
   692 | D:2      | Found a shadowy altar of Dithmenos.
   702 | D:2      | Became a worshipper of Dithmenos the Shadowed
   767 | D:2      | Found a faded altar of an unknown god.
   983 | D:2      | Gained mutation: You are afflicted with vampirism and can
                  | become a bat while bloodless. [Vampire growth]
   983 | D:2      | Reached XP level 3. HP: 7/27 MP: 3/3
  1148 | D:2      | Reached skill level 7 in Stealth
  1512 | D:3      | Succumbed to a kobold's poison

Illustrated notes

Levels and vault maps discovered:
D:1:      erik_arrival_orb_chamber, layout_basic, chequers_avenue
D:2:      layout_basic, shapermc_ecumenical_altar_mp_ritualfount, basic_altar,
          chequers_serial_rivers_room_a, minmay_misc_feat_enclosed
D:3:      lemuel_castle_with_subvaults [lemuel_castle_interior_carwin_3],
          layout_basic, mainiacjoe_overflow_surrounded_room, serial_undead,
          serial_undead_d, serial_undead_b, serial_undead_e, serial_undead_b,
          minivault_11

Skill      XL: |  1  2  3 |
---------------+----------+-----
Stealth        | 6 7 |  7.0
Fighting       | 2 |  2.1
Short Blades   | |  2.5
Throwing       | |  1.7
Dodging        | |  1.6

Action                   || total
-------------------------++-------
Melee: Dagger            ||    81
       Bite              ||     7
Throw: Dart              ||     9
 Stab: Sleeping          ||    11
       Distracted        ||     1
Armor: Robe              ||    12
Dodge: Dodged            ||    26
